 Dungeon Crawl Stone Soup version 0.29-a0-25-g7f48f510a0 (webtiles) character file.

Game seed: 10745584437608998867

11897 timneilson the Blocker (level 11, -5/67 HPs)
             Began as a Gargoyle Fighter on Feb 1, 2022.
             Was an Elder of Okawaru.
             Killed from afar by Jorgrun (30 damage)
             ... with an iron shot
             ... on level 12 of the Dungeon.
             The game lasted 00:22:04 (10589 turns).

timneilson the Blocker (Gargoyle Fighter)          Turns: 10589, Time: 00:22:06

Health: -5/67      AC: 26    Str: 34    XL:     11   Next: 84%
Magic:  6/13       EV: 11    Int:  9    God:    Okawaru [****..]
Gold:   238        SH: 14    Dex:  9    Spells: 10/10 levels left

rFire   + + .      SeeInvis .   b - +7 long sword of Erusoac {drain, +Blink rC+ Str+4}
rCold   + + .      Faith    .   s - +2 kite shield
rNeg    + . .      Spirit   .   n - +0 chain mail {rF+}
rPois   ∞          Reflect  .   e - +0 helmet
rElec   +          Harm     .   y - scarf {repulsion}
rCorr   .          Rampage  .   z - +0 pair of gloves
Will    .....                   l - +0 pair of boots
Stlth   ..........              (no amulet)
HPRegen 1.01/turn               B - +6 ring of strength
MPRegen 0.13/turn               (no ring)

@: heroic, finesse-ful, slowed, repel missiles, very slow
A: sickness immunity, AC +8, negative energy resistance 1, electricity
resistance, torment resistance 1, petrification resistance, cold resistance 1,
fire resistance 1, regeneration 1, MP-powered wands
a: Renounce Religion, Evoke Blink, Heroism, Finesse


You were on level 12 of the Dungeon.
You worshipped Okawaru.
Okawaru was greatly pleased with you.
You visited 2 branches of the dungeon, and saw 13 of its levels.

You collected 544 gold pieces.
You spent 306 gold pieces at shops.

Inventory:

Hand Weapons
 a - a +1 long sword of flaming
 b - the +7 long sword of Erusoac (weapon) {drain, +Blink rC+ Str+4}
   (You bought it in a shop on level 7 of the Dungeon)

   A truly terrible weapon, it drains the life of any living foe it strikes.
   Str:       It affects your strength (+4).
   rC:        It protects you from cold.
   +Blink:    It lets you blink.
Armour
 e - a +0 helmet (worn)
 h - a +0 plate armour
 l - a +0 pair of boots (worn)
 n - a +0 chain mail of fire resistance (worn)
 s - a +2 kite shield (worn)
 y - a scarf of repulsion (worn)
 z - a +0 pair of gloves (worn)
Jewellery
 m - a ring of ice
 r - a ring of ice
 B - a +6 ring of strength (left hand)
Wands
 f - a wand of paralysis (24)
 w - a wand of acid (10)
Scrolls
 c - a scroll of fear
 j - 5 scrolls of teleportation
 o - a scroll of fog
 x - a scroll of enchant weapon
Potions
 d - 4 potions of might
 g - 5 potions of brilliance
 i - 4 potions of lignification
 k - 5 potions of curing
 p - 2 potions of resistance
 q - 2 potions of flight
 t - 2 potions of cancellation
 u - a potion of attraction
 v - a potion of berserk rage
 A - a potion of degeneration {unknown}


   Skills:
 + Level 7.6(12.6) Fighting
 * Level 8.3(13.3) Long Blades
 * Level 10.2(15.2) Armour
 + Level 4.9(9.9) Dodging
 * Level 10.3(15.3) Shields
 + Level 3.9 Invocations
 + Level 4.2 Evocations


You had 10 spell levels left.
You didn't know any spells.
Your spell library contained the following spells:

 Spells                   Type           Power      Damage    Failure   Level
 Apportation              Tloc           0%         N/A       89%         1
 Freeze                   Ice            0%         1d3       89%         1
 Sandblast                Erth           0%         2d4       89%         1
 Blink                    Tloc           0%         N/A       96%         2
 Corpse Rot               Necr/Air       0%         N/A       96%         2
 Passwall                 Tmut/Erth      0%         N/A       96%         2
 Poisonous Vapours        Pois/Air       0%         N/A       96%         2
 Frozen Ramparts          Ice            0%         1d2       99%         3
 Inner Flame              Hex/Fire       0%         N/A       99%         3
 Lesser Beckoning         Tloc           0%         N/A       99%         3
 Portal Projectile        Hex/Tloc       0%         N/A       99%         3
 Stone Arrow              Conj/Erth      0%         3d7       99%         3
 Cause Fear               Hex            0%         N/A       100%        4
 Hailstorm                Conj/Ice       0%         3d3       100%        4
 Ice Form                 Ice/Tmut       0%         N/A       100%        4
 Alistair's Intoxication  Tmut/Pois      0%         N/A       100%        5
 Blade Hands              Tmut           0%         N/A       100%        5
 Excruciating Wounds      Necr           0%         N/A       100%        5
 Manifold Assault         Tloc           0%         N/A       100%        5
 Discord                  Hex            0%         N/A       100%        8
 Simulacrum               Ice/Necr       Unusable   N/A       N/A         6

Dungeon Overview and Level Annotations

Branches:
Dungeon (12/15)            Temple (1/1) D:7            Lair (0/6) D:10
    Orc (0/2) D:10

Altars:
Ashenzari
Cheibriados
Dithmenos
Elyvilon
Fedhas
Gozag
Hepliaklqana
Kikubaaqudgha
Makhleb
Nemelex Xobeh
Okawaru
Qazlal
Ru
Sif Muna
Trog
Uskayaw
Vehumet
Wu Jian
Xom
Yredelemnul
Zin
The Shining One
Ignis

Shops:
D:2 ?   D:7 *(=   D:10 *

Portals:
Trove: D:10 (give 2 scrolls of acquirement)

Annotations:
D:9 2 transporters, robertstho's ghost, novice DjFE
D:12 Jorgrun


Innate Abilities, Weirdness & Mutations

You are immune to sickness and miasma.
Your stone body is resilient. (AC +8)
You are immune to poison.
You resist negative energy. (rN+)
You are resistant to electric shocks. (rElec)
You are resistant to unholy torment.
You are immune to petrification.
Your flesh is cold resistant. (rC+)
Your flesh is heat resistant. (rF+)
Your natural rate of healing is unusually fast.
You expend magic power (3 MP) to strengthen your wands.


Message History

A wraith comes into view.
Something hits you but does no damage.
Deactivating autopickup; reactivate with Ctrl-A.
You barely miss something. You block something's attack.
Something hits you but does no damage.
Jorgrun Earthshaker comes into view.
He is wielding a +0 vorpal quarterstaff and wearing a +2 robe of positive energy.
Jorgrun shouts!
You block something's attack. You block the wraith's attack.
You hit the wraith but do no damage. The wraith barely misses you.
Something hits you but does no damage. The wraith misses you.
You hit the wraith.
The wraith is lightly damaged.
Something hits you but does no damage. The wraith hits you.
The wraith drains your vigour!
You feel yourself slow down.
You hit the wraith.
The wraith is lightly damaged.
Something hits you but does no damage. You block the wraith's attack.
Unknown command.
You can now deal lightning-fast blows.
Something hits you but does no damage. The wraith barely misses you.
You gain the combat prowess of a mighty hero.
Something hits you but does no damage.
You slice Jorgrun!!
Jorgrun is lightly wounded.
You block something's attack. The wraith hits you.
The wraith drains your vigour!
You feel as though you will be slow longer.
Jorgrun casts a spell next to you.
The metal wall shatters!
The blast of metal fragments hits something!!!
Reactivating autopickup.
The blast of metal fragments hits you!!!
Ouch! That really hurt!
You hear an angry hiss.
You hear a shout!
You closely miss Jorgrun.
Jorgrun is lightly wounded.
You block the wraith's attack. Jorgrun gestures at you while chanting.
The iron shot hits you!!
You die...

#################
#<.......@g......
##........W......
################


You could see Jorgrun and a wraith.

Vanquished Creatures
  A hydra (D:11)
  A two-headed ogre (D:11)
  Pikel (D:7)
  4 centaur zombies
  Joseph (D:7)
  A kobold demonologist (D:10)
  A komodo dragon (D:10)
  5 trolls
  Grinder (D:5)
  A hornet (D:9)
  Prince Ribbit (D:7)
  11 yaks
  A wyvern (D:4)
  3 wraiths
  A steam dragon (D:7)
  An acid dragon (D:10)
  An ice beast (D:7)
  A sky beast (D:5)
  A black bear (D:5)
  4 orc warriors
  A necrophage (D:6)
  3 ogres
  4 centaurs
  9 kobold brigands
  3 bullfrogs
  8 gnoll sergeants
  3 scorpions
  7 killer bees
  6 wights (D:8)
  3 howler monkeys
  A bullfrog zombie (D:6)
  2 bullfrog skeletons
  3 hounds
  6 orc priests
  A gnoll shaman (D:8)
  3 centaur skeletons
  2 iguanas
  3 jellies (D:5)
  10 orc wizards
  12 gnolls
  A howler monkey skeleton (D:4)
  5 adders
  2 ufetubi
  2 worms
  3 dart slugs
  34 orcs
  6 bats
  13 endoplasms
  3 giant cockroaches
  7 goblins
  11 hobgoblins
  4 jackals (D:4)
  2 quokkas
  9 ball pythons
  4 frilled lizards
  33 kobolds
  7 rats
278 creatures vanquished.

Vanquished Creatures (others)
  An unseen horror (D:12)
  A sky beast (D:7)
  5 plants (D:10)
7 creatures vanquished.

Grand Total: 285 creatures vanquished

Notes
Turn   | Place    | Note
-------+----------+-------------------------------------------
     0 | D:1      | timneilson the Gargoyle Fighter began the quest for the
                  | Orb.
     0 | D:1      | Reached XP level 1. HP: 14/14 MP: 1/1
   317 | D:1      | Reached XP level 2. HP: 16/19 MP: 2/2
  1001 | D:2      | Reached XP level 3. HP: 23/23 MP: 3/3
  1365 | D:2      | Reached XP level 4. HP: 18/28 MP: 4/4
  1871 | D:2      | Found Firchul's Magic Scroll Emporium.
  2404 | D:3      | Reached XP level 5. HP: 33/33 MP: 5/5
  2892 | D:4      | Reached skill level 1 in Dodging
  3196 | D:4      | Noticed a wyvern
  3209 | D:4      | Gained mutation: Your flesh is cold resistant. (rC+)
                  | [potion of mutation]
  3209 | D:4      | Gained mutation: Your flesh is heat resistant. (rF+)
                  | [potion of mutation]
  3209 | D:4      | Gained mutation: You have hidden genetic potential. [potion
                  | of mutation]
  3217 | D:4      | Killed a wyvern
  3218 | D:4      | Reached XP level 6. HP: 3/38 MP: 6/6
  3226 | D:4      | Gained mutation: You expend magic power (3 MP) to
                  | strengthen your wands. [hidden potential]
  3572 | D:4      | Reached skill level 5 in Shields
  3994 | D:5      | Entered Level 5 of the Dungeon
  4002 | D:5      | Reached skill level 5 in Armour
  4018 | D:5      | Noticed a sky beast
  4048 | D:5      | Reached XP level 7. HP: 38/44 MP: 7/7
  4067 | D:5      | Gained mutation: Your natural rate of healing is unusually
                  | fast. [hidden potential]
  4067 | D:5      | Lost mutation: You have hidden genetic potential. [hidden
                  | potential expressed]
  4076 | D:5      | Reached XP level 8. HP: 46/48 MP: 8/8
  4113 | D:5      | Found a sparkling altar of Nemelex Xobeh.
  4349 | D:5      | Reached skill level 5 in Fighting
  4351 | D:5      | Found a shimmering altar of Xom.
  4352 | D:5      | Found a shadowy altar of Dithmenos.
  4352 | D:5      | Found a blossoming altar of Fedhas.
  4358 | D:5      | Found a bloodstained altar of Trog.
  4531 | D:5      | Reached skill level 5 in Long Blades
  4578 | D:5      | Noticed Grinder
  4590 | D:5      | Killed Grinder
  4886 | D:6      | Reached XP level 9. HP: 49/54 MP: 9/9
  5088 | D:6      | Reached skill level 1 in Evocations
  6159 | D:7      | Found Ubuut's Antique Weapon Emporium.
  6182 | D:7      | Noticed Pikel
  6189 | D:7      | Noticed Prince Ribbit
  6196 | D:7      | Killed Pikel
  6219 | D:7      | Killed Prince Ribbit
  6220 | D:7      | Reached XP level 10. HP: 60/60 MP: 10/10
  6222 | D:7      | Found Othrol's Jewellery Boutique.
  6468 | D:7      | Noticed Joseph
  6485 | D:7      | Paralysed by Joseph for 6 turns
  6492 | D:7      | Killed Joseph
  6496 | D:7      | Found a staircase to the Ecumenical Temple.
  6505 | Temple   | Entered the Ecumenical Temple
  6527 | Temple   | Became a worshipper of Warmaster Okawaru
  6878 | D:7      | Found Enaanyothry's Assorted Antiques.
  7196 | D:7      | Identified the +4 short sword of the Devouring Penguin
                  | {freeze, *Rage rElec rF++}
  7325 | D:7      | Bought a faintly glowing long sword for 306 gold pieces
  7325 | D:7      | Identified the +7 long sword of Erusoac {drain, +Blink rC+
                  | Str+4} (You bought it in a shop on level 7 of the Dungeon)
  7638 | D:8      | Reached skill level 1 in Invocations
  7679 | D:8      | Reached * piety under Okawaru
  7848 | D:8      | Found an ornate altar of the Wu Jian Council.
  8043 | D:9      | Reached ** piety under Okawaru
  8114 | D:9      | Noticed a moth of wrath
  8273 | D:9      | Found a glowing silver altar of Zin.
  8278 | D:9      | Reached XP level 11. HP: 66/66 MP: 12/12
  8302 | D:9      | Found a transporter.
  8309 | D:9      | Noticed robertstho's ghost (novice DjFE)
  8369 | D:9      | Found a transporter.
  8595 | D:9      | Found a hide-covered altar of Uskayaw.
  8716 | D:10     | Entered Level 10 of the Dungeon
  8804 | D:10     | Found a broken altar of Ashenzari.
  8923 | D:10     | Found a portal to a secret trove of treasure.
  8957 | D:10     | Reached *** piety under Okawaru
  9056 | D:10     | Found Fiarr's General Store.
  9400 | D:10     | Found a staircase to the Lair.
  9465 | D:10     | Found a staircase to the Orcish Mines.
  9517 | D:10     | Reached **** piety under Okawaru
  9544 | D:10     | Received a gift from Okawaru
  9599 | D:10     | Found a hazy altar of Hepliaklqana.
  9609 | D:10     | Reached skill level 10 in Shields
  9646 | D:11     | Noticed a two-headed ogre
  9653 | D:11     | Killed a two-headed ogre
  9729 | D:11     | Received a gift from Okawaru
  9730 | D:11     | Reached skill level 10 in Armour
  9873 | D:11     | Noticed a four-headed hydra
  9881 | D:11     | Killed a one-headed hydra
 10582 | D:12     | Noticed Jorgrun
 10589 | D:12     | Killed from afar by Jorgrun

Illustrated notes

Levels and vault maps discovered:
D:1:      tarquinn_simple_flora_water_f, layout_basic
D:2:      layout_basic, serial_shops, nicolae_lakefront_shop,
          minmay_tetromino_t2
D:3:      minmay_general_purpose_star, layout_rooms, roderic_roman_lattice
D:4:      layout_basic
D:5:      layout_loops_cross, chequers_temple_overflow_statue_of_worship,
          nemelex_diamond_rough_becter, uniq_grinder
D:6:      layout_basic
D:7:      layout_layer_cave, lemuel_temple_firewalk_b, serial_shops,
          nicolae_square_shop, nicolae_shop_advertising_works
          [nicolae_subvault_shop_adworks], shop, dk_noncrumbling_2,
          uniq_prince_ribbit1, uniq_pikel, uniq_joseph
D:8:      layout_basic, nzn_wu_jian_contemplation
D:9:      layout_rooms, mainiacjoe_overflow_big_doors,
          gammafunk_ghost_berserking_beasts
D:10:     layout_cave_pools, kennysheep_little_box, cheibrodos_ashenzari_chains,
          david_lair_shrubbed, kennysheep_orc_monster_closet_entryway,
          serial_shops, nicolae_inconvenience_store, enter_trove_3,
          hangedman_decor_points, chequers_serial_rivers_marsh
D:11:     layout_rooms, serial_co_window_serial, co_window_of_opportunity_a,
          co_window_paths_b, co_window_paths_a, co_window_of_opportunity_a,
          co_window_paths_b, co_window_unsneaky_path_d, co_window_corner_b,
          co_window_of_opportunity_b, co_window_paths_c, co_window_broadway_a,
          co_window_paths_c, co_window_paths_e, glass_columns_a,
          glass_columns_c, glass_columns_a, glass_columns_a,
          roderic_st_hans_cross
D:12:     minmay_nested_s, layout_loops_ring, gauntlet_entry_generic,
          minmay_beelzebubs_servants, uniq_azrael, uniq_rupert, uniq_jorgrun
Temple:   pdpol_scorched_temple

Skill      XL: |  1  2  3  4  5  6  7  8  9 10 11 |
---------------+----------------------------------+-----
Long Blades    | 2 3 4 5 6 7 8 |  8.3
Armour         | 4 5 6 8 9 10 | 10.2
Shields        | 4 5 6 8 9 10 | 10.3
Dodging        | 1 2 3 4 |  4.9
Fighting       | 4 5 6 7 |  7.6
Evocations     | 2 3 4 |  4.2
Invocations    | 2 3 |  3.9

Action                   |  1- 3 |  4- 6 |  7- 9 | 10-12 || total
-------------------------+-------+-------+-------+-------++-------
Melee: Long sword        |   102 |   212 |   316 |   419 ||  1049
Invok: Heroism           |       |       |       |     2 ||     2
       Finesse           |       |       |       |     1 ||     1
  Use: Scroll            |     5 |     5 |     6 |     3 ||    19
       Potion            |       |     4 |       |       ||     4
Armor: Scale mail        |    64 |     2 |       |       ||    66
       Chain mail        |       |   201 |   204 |   246 ||   651
Dodge: Dodged            |    55 |    90 |   126 |   153 ||   424
Block: Buckler           |    36 |    52 |    65 |       ||   153
       Kite shield       |       |       |    30 |   297 ||   327

Table legend: (Time is in decaauts)
 A = Elapsed time spent in this place.
 B = Non-inter-level travel time spent in this place.
 C = Inter-level travel time spent in this place.
 D = Time resting spent in this place.
 E = Time spent auto-exploring this place.
 F = Levels seen in this place.
 G = Mean time per level.
                   A        B        C        D        E       F      G
               +--------+--------+--------+--------+--------+-----+--------+
         Total |  10825 |  10489 |    336 |    135 |   7522 |  13 |  832.7 |
       Dungeon |  10762 |  10442 |    320 |    135 |   7489 |  12 |  896.8 |
        Temple |     62 |     46 |     16 |      0 |     33 |   1 |   62.0 |
               +--------+--------+--------+--------+--------+-----+--------+

Top non-repeatable levels by time:
     D:7: 1264 daAuts
     D:4: 1231 daAuts
     D:2: 1214 daAuts
     D:6: 1145 daAuts
     D:1: 1000 daAuts
     D:5: 967 daAuts
    D:10: 946 daAuts
    D:11: 939 daAuts
     D:9: 712 daAuts
     D:8: 685 daAuts
     D:3: 638 daAuts
  Temple: 62 daAuts
    D:12: 17 daAuts
